Cogmind - Beta 13 @@@ ROGUE MODE // 2024.07.05 @ 22:03:37 Player: Duduxx Result: Destroyed by P8-3E0(z) with Zionite Laser-S Performance ------------- Evolutions (1) 500 Regions Visited (6) 1200 Robots Destroyed (11) 55 Value Destroyed (285) 285 Prototype IDs (0) 0 Alien Tech Used (0) 0 Bonus (1119) 1119 TOTAL SCORE: 3159 Bonus ------- Pacifist 200 Follower Combat Kills 319 Met Imprinter 300 Was Imprinted 300 Cogmind --------- Core Integrity 0/400 Matter 210/300 Energy 100/100 System Corruption 0% Temperature Warm (103) Movement Core (350) Ox6 Location -7/Deep Caves Parts ------- > --- POWER (1) -------- (None) > --- PROPULSION (3) --- Light Treads Combat Airjet > --- UTILITY (3) ------ Large Storage Unit Core Analyzer > --- WEAPON (2) ------- (None) > --- INVENTORY (15) --- System Shield Bomb Factory No. 2 Pulse Rifle Shotgun Shotgun CR-A16's Pointy Stick Peak State ------------ > --- POWER ------------ Light Ion Engine > --- PROPULSION ------- Combat Airjet Combat Airjet Combat Airjet > --- UTILITY ---------- Large Storage Unit Launcher Guidance Computer Core Analyzer > --- WEAPON ----------- Medium Laser Beam Rifle > --- INVENTORY -------- Light Nuclear Core Light Treads Light Treads Light Treads System Shield Bomb Factory No. 2 Pulse Rifle EM Pulse Cannon Shotgun Shotgun Grenade Launcher Grenade Launcher CR-A16's Pointy Stick [Rating: 31] Favorites ----------- Power Light Ion Engine Engine Light Ion Engine Power Core Light Nuclear Core Propulsion Combat Airjet Treads Light Treads Leg Aluminum Leg Wheel Compact Wheel Hover Unit Combat Airjet Utility Large Storage Unit Device Sensor Array Storage Large Storage Unit Processor Launcher Guidance Computer Protection Light Armor Plating Weapon Medium Laser Energy Gun Medium Laser Energy Cannon EM Pulse Cannon Ballistic Gun Assault Rifle Launcher Grenade Launcher Build | -11 -10 -10 -9 -9 -7 -7 ------- Run | Yrd Mat Min Mat Min Zio Dee Slots Evolved 2 | . . . 2 . . . Power . | . . . . . . . Propulsion 1 | . . . 1 . . . Utility 1 | . . . 1 . . . Weapon . | . . . . . . . Parts Attached 38 | 6 3 2 6 10 2 9 Power 4 | 1 . . 1 1 . 1 Engine 3 | 1 . . 1 1 . . Core 1 | . . . . . . 1 Reactor . | . . . . . . . Propulsion 15 | 2 2 . 1 6 . 4 Treads 6 | . . . . 3 . 3 Leg 3 | . 2 . 1 . . . Wheel 2 | 2 . . . . . . Hover 4 | . . . . 3 . 1 Flight . | . . . . . . . Utility 10 | 1 1 2 2 2 2 . Device 2 | . 1 . 1 . . . Storage 5 | 1 . 2 . 1 1 . Processor 2 | . . . . 1 1 . Hackware . | . . . . . . . Protection 1 | . . . 1 . . . Artifact . | . . . . . . . Weapon 9 | 2 . . 2 1 . 4 Energy Gun 4 | 1 . . 1 1 . 1 Energy Cannon 1 | . . . . . . 1 Ballistic Gun 2 | 1 . . 1 . . . Ballistic Cannon . | . . . . . . . Launcher 2 | . . . . . . 2 Special Weapon . | . . . . . . . Impact Weapon . | . . . . . . . Slashing Weapon . | . . . . . . . Piercing Weapon . | . . . . . . . Special Melee Weapon . | . . . . . . . Unidentified Prototypes . | . . . . . . . Parts Lost 17 | . . . 3 2 . 12 Power 2 | . . . . . . 2 Propulsion 4 | . . . . . . 4 Utility 4 | . . . 1 2 . 1 Weapon 7 | . . . 2 . . 5 Highest Loss Streak 12 | . . . 2 2 . 12 To Critical Strikes . | . . . . . . . Average Slot Usage (%) 96 | . 93 100 96 97 95 96 Engine 11 | . 14 14 11 11 11 9 Leg 13 | . 12 28 31 7 . . Hover 16 | . . . . 17 33 29 Device 5 | . 7 14 10 7 . . Storage 13 | . 14 14 11 13 14 11 Processor 7 | . . . . 3 14 22 Protection 3 | . . . 9 6 . . Energy Gun 15 | . 14 14 5 22 22 17 Ballistic Gun 7 | . 14 14 16 . . . Naked Turns . | . . . . . . . Heaviest Build 36 | 14 15 30 36 36 30 31 Greatest Support 60 | 32 32 20 30 60 36 40 Greatest Overweight (x) 2 | . . 1 1 2 . 2 Average Overweight (x) . | . . . . . . . Largest Inventory Capacity 15 | 8 8 15 15 15 15 15 Average Capacity 14 | 6 8 14 15 15 15 15 Most Carried 15 | 6 8 9 12 12 15 14 Average Carried 11 | 3 7 7 10 8 14 13 Final Capacity 15 | 8 8 15 15 15 15 15 Final Carried 14 | 6 7 8 10 12 14 7 Class Distribution -------------------- 63% | Scavenger-Mutant 36% | Mutant Dominant Class ---------------- Mutant | -10/Materials Mutant | -10/Mines Mutant | -9/Materials Scavenger-Mutant | -9/Mines Scavenger-Mutant | -7/Zion Scavenger-Mutant | -7/Deep Caves Resources | -11 -10 -10 -9 -9 -7 -7 ----------- Run | Yrd Mat Min Mat Min Zio Dee Matter Collected 665 | 191 . 32 227 205 10 . Remotely . | . . . . . . . Salvage Created 325 | . . . 202 43 . 80 Parts 21 | . . . 15 3 . 3 Haulers Intercepted . | . . . . . . . Recyclers Shooed . | . . . . . . . Parts Field Recycled . | . . . . . . . Retrieved Matter . | . . . . . . . Parts Self-Destructed . | . . . . . . . Prevented . | . . . . . . . Kills | -11 -10 -10 -9 -9 -7 -7 ------- Run | Yrd Mat Min Mat Min Zio Dee Combat Hostiles Destroyed 13 | . . . 6 5 . 2 Guns 11 | . . . 6 5 . . AOE 2 | . . . . . . 2 Classes Destroyed 6 | . . . 4 1 . 1 Swarmer 6 | . . . 3 3 . . Grunt 1 | . . . 1 . . . Brawler 1 | . . . 1 . . . Sentry 1 | . . . 1 . . . Z-Light 2 | . . . . . . 2 Assembled 2 | . . . . 2 . . Best Kill Streak 3 | . . . 2 3 . 2 Combat Bots Only 3 | . . . 2 3 . 2 Max Kills in Single Turn 1 | . . . 1 1 . 1 Gunslinging . | . . . . . . . Exploded 1 | . . . . . . 1 Melee . | . . . . . . . Uniques/NPCs Destroyed . | . . . . . . . Combat | -11 -10 -10 -9 -9 -7 -7 -------- Run | Yrd Mat Min Mat Min Zio Dee Hostile Shots Fired 187 | . 3 4 66 34 . 80 Missed 65 | . 2 1 19 13 . 30 Damage Taken 2255 | 2 12 39 492 204 . 1506 Core 403 | . . . 32 16 . 355 Absorbed by Shields . | . . . . . . . Core Remaining (%) 100 | 100 . 100 . . . . Volleys Fired 45 | . 2 1 26 11 . 5 Largest 2 | . 2 2 2 2 . 2 Hottest 106 | . 70 70 73 106 . 86 Shots Fired 89 | . 4 2 52 22 . 9 Gun 84 | . 4 2 52 22 . 4 Cannon . | . . . . . . . Launcher 5 | . . . . . . 5 Special . | . . . . . . . Kinetic 46 | . 2 1 43 . . . Thermal 38 | . 2 1 9 22 . 4 Explosive 5 | . . . . . . 5 Electromagnetic . | . . . . . . . Robot Hit Streak 9 | . 3 . 9 3 . 3 Robot Miss Streak 6 | . 1 3 6 3 . 1 Penetration Max . | . . . . . . . Secondary Targets . | . . . . . . . Shots Hit Robots 48 | . 3 . 29 10 . 6 Core Hits 26 | . . . 9 6 . 11 Critical Kills . | . . . . . . . Critical Parts Destroyed . | . . . . . . . Critical Strikes 1 | . . . . 1 . . Burn 1 | . . . . 1 . . Melee Attacks . | . . . . . . . Impact . | . . . . . . . Slashing . | . . . . . . . Piercing . | . . . . . . . Sneak Attacks . | . . . . . . . Combat Hostiles . | . . . . . . . Follow-up Attacks . | . . . . . . . Damage Inflicted 861 | 4 41 22 402 150 . 242 Guns 597 | . 36 . 399 133 . 29 Cannons . | . . . . . . . Explosions 213 | . . . . . . 213 Melee . | . . . . . . . Ramming 51 | 4 5 22 3 17 . . Kinetic 373 | . 11 . 362 . . . Thermal 224 | . 25 . 37 133 . 29 Explosive 213 | . . . . . . 213 Electromagnetic . | . . . . . . . Impact . | . . . . . . . Slashing . | . . . . . . . Piercing . | . . . . . . . Highest Corruption . | . . . . . . . Average Corruption . | . . . . . . . Corruption Purged . | . . . . . . . Corruption Blocked . | . . . . . . . Overload Shots . | . . . . . . . Overflow Damage . | . . . . . . . Projectiles . | . . . . . . . Explosions . | . . . . . . . Melee . | . . . . . . . Knockbacks 1 | . . . 1 . . . Impact 1 | . . . 1 . . . Kinetic . | . . . . . . . Secondary . | . . . . . . . Self-Inflicted Damage 10 | 2 . . . 8 . . Shots . | . . . . . . . Rammed 3 | 1 . . . 2 . . Targets Rammed 12 | 1 3 2 2 4 . . Kicked 9 | . 3 2 2 2 . . Crushed . | . . . . . . . Highest Temperature 205 | . 18 9 74 205 . 164 Average Temperature 68 | . 10 6 26 79 . 104 Received Heat Transfer 540 | . 6 6 78 . . 450 Siege Activations . | . . . . . . . Robots Corrupted . | . . . . . . . Combat Hostiles . | . . . . . . . Parts Fried . | . . . . . . . Impact Corruptions . | . . . . . . . Robots Melted . | . . . . . . . Combat Hostiles . | . . . . . . . Parts Melted . | . . . . . . . Heat Transferred 703 | . 74 . 111 444 . 74 Parts Sabotaged . | . . . . . . . Parts Stolen . | . . . . . . . Parts Stripped . | . . . . . . . Power Chain Reactions . | . . . . . . . Alert | -11 -10 -10 -9 -9 -7 -7 ------- Run | Yrd Mat Min Mat Min Zio Dee Peak Influence 401 | . 39 55 401 170 . . Initial 92 | . . 15 21 92 . . Average 136 | . 24 36 223 132 . . Maximum Alert Level 2 | . . . 2 . . . Low Security (%) 74 | 100 100 100 44 100 . . Level 1 25 | . . . 54 . . . Level 2 . | . . . 1 . . . Level 3 . | . . . . . . . Level 4 . | . . . . . . . Level 5 . | . . . . . . . High Security . | . . . . . . . Max Security . | . . . . . . . Squads Dispatched 2 | . 1 . 1 . . . Investigation 1 | . . . 1 . . . Extermination . | . . . . . . . Reinforcement 1 | . 1 . . . . . Assault . | . . . . . . . Garrison . | . . . . . . . Intercept . | . . . . . . . Searches Triggered . | . . . . . . . Construction Impeded . | . . . . . . . Haulers Reinforced . | . . . . . . . Active Scanning Responses . | . . . . . . . Cargo Convoy Interrupts . | . . . . . . . Stealth | -11 -10 -10 -9 -9 -7 -7 --------- Run | Yrd Mat Min Mat Min Zio Dee Distress Signals 1 | . . . . 1 . . Communications Jammed . | . . . . . . . Distress Signals . | . . . . . . . Times Spotted 50 | . 5 5 19 12 . 9 Peak Tracking Total 7 | . 4 3 3 6 . 7 Tactical Retreats . | . . . . . . . Traps | -11 -10 -10 -9 -9 -7 -7 ------- Run | Yrd Mat Min Mat Min Zio Dee Traps Triggered . | . . . . . . . Indirectly . | . . . . . . . Trap Hack Attempts . | . . . . . . . Triggered . | . . . . . . . Disarmed . | . . . . . . . Reprogrammed . | . . . . . . . Reused . | . . . . . . . Traps Extracted . | . . . . . . . Installed . | . . . . . . . Triggered . | . . . . . . . Machines | -11 -10 -10 -9 -9 -7 -7 ---------- Run | Yrd Mat Min Mat Min Zio Dee Machines Disabled 1 | . . . . 1 . . Max in Single Turn 1 | . . . . 1 . . Machines Repaired . | . . . . . . . Machines Dismantled . | . . . . . . . Machines Sabotaged . | . . . . . . . Overloaded Fab Kills . | . . . . . . . Hacking | -11 -10 -10 -9 -9 -7 -7 --------- Run | Yrd Mat Min Mat Min Zio Dee Machines Accessed 7 | . 2 . 4 1 . . Terminals 4 | . 2 . 1 1 . . Fabricators . | . . . . . . . Repair Stations . | . . . . . . . Recycling Units 1 | . . . 1 . . . Scanalyzers 2 | . . . 2 . . . Garrison Access . | . . . . . . . Total Hacks 29 | . 8 . 17 4 . . Successful 14 | . 3 . 9 2 . . Failed 15 | . 5 . 8 2 . . Catastrophic 3 | . 1 . 2 . . . Database Lockouts . | . . . . . . . Manual 10 | . 2 . 4 . 4 . Terminals 16 | . 8 . 4 4 . . Fabricators . | . . . . . . . Repair Stations . | . . . . . . . Recycling Units 6 | . . . 6 . . . Scanalyzers 7 | . . . 7 . . . Garrison Access . | . . . . . . . Terminal Hacks 6 | . 3 . 1 2 . . Record 1 | . 1 . . . . . Level Access Points 1 | . . . . 1 . . Branch Access Points 1 | . 1 . . . . . Garrison Status 1 | . . . 1 . . . Recall Investigation 1 | . 1 . . . . . Zone Layout 1 | . . . . 1 . . Fabricator Hacks . | . . . . . . . Repair Station Hacks . | . . . . . . . Recycling Unit Hacks 4 | . . . 4 . . . Process 1 | . . . 1 . . . Report Inventory 2 | . . . 2 . . . Retrieve Components 1 | . . . 1 . . . Scanalyzer 4 | . . . 4 . . . Insert Component 2 | . . . 2 . . . Analyze 2 | . . . 2 . . . Garrison Access Hacks . | . . . . . . . Unauthorized Hacks . | . . . . . . . Terminals . | . . . . . . . Fabricators . | . . . . . . . Repair Stations . | . . . . . . . Recycling Units . | . . . . . . . Scanalyzers . | . . . . . . . Garrison Access . | . . . . . . . Data Cores Recovered . | . . . . . . . Used . | . . . . . . . Hacking Detections 7 | . 2 . 4 1 . . Full Trace Events 4 | . 2 . 2 . . . Feedback Events . | . . . . . . . Feedback Blocked . | . . . . . . . Robot Schematics Acquired . | . . . . . . . Robots Built . | . . . . . . . Authchips . | . . . . . . . Time . | . . . . . . . Total Robot Build Rating . | . . . . . . . Part Schematics Acquired 2 | . . . 2 . . . Parts Built . | . . . . . . . Authchips . | . . . . . . . Time . | . . . . . . . Total Part Build Rating . | . . . . . . . Parts Repaired . | . . . . . . . Time . | . . . . . . . Parts Recycled . | . . . . . . . Recycled Matter 2 | . . . 2 . . . Retrieved Matter . | . . . . . . . Retrieved Components . | . . . . . . . Parts Scanalyzed 2 | . . . 2 . . . Part Schematics Acquired 2 | . . . 2 . . . Parts Damaged . | . . . . . . . Bothacking | -11 -10 -10 -9 -9 -7 -7 ------------ Run | Yrd Mat Min Mat Min Zio Dee Used RIF Installer . | . . . . . . . Robots Hacked . | . . . . . . . Non-combat . | . . . . . . . Combat . | . . . . . . . Robot Hacks Applied . | . . . . . . . Relay Couplers Released . | . . . . . . . Fabnet Peak Effective % . | . . . . . . . Robots Rewired . | . . . . . . . Allies Hacked . | . . . . . . . Hacks Repelled . | . . . . . . . Allies | -11 -10 -10 -9 -9 -7 -7 -------- Run | Yrd Mat Min Mat Min Zio Dee Total Allies 10 | . . 3 . . 7 . Largest Group 7 | . . 3 2 . 7 3 Highest-Rated Group 228 | . . 40 24 . 228 76 Highest-Rated Ally 40 | . . 16 16 . 40 31 Total Orders . | . . . . . . . Ally Attacks 84 | . . 16 59 . . 9 Total Damage 795 | . . 230 511 . . 54 Kills 13 | . . 2 11 . . . Allies Corrupted . | . . . . . . . Allies Melted . | . . . . . . . Intel | -11 -10 -10 -9 -9 -7 -7 ------- Run | Yrd Mat Min Mat Min Zio Dee Robot Analysis Total . | . . . . . . . Derelict Logs Recovered 4 | . . 1 . 1 2 . Drone Launches . | . . . . . . . Drone Recoveries . | . . . . . . . Exploration | -11 -10 -10 -9 -9 -7 -7 ------------- Run | Yrd Mat Min Mat Min Zio Dee Turns Passed 2230 | 62 116 288 587 201 871 105 Spaces Moved 1824 | 47 90 150 261 133 1042 101 Core 2 | 2 . . . . . . Treads 22 | . . . . 18 . 4 Legs 472 | . 41 150 261 20 . . Wheels 94 | 45 49 . . . . . Hover 1234 | . . . . 95 1042 97 Flight . | . . . . . . . Fastest Speed 50 | 50 100 120 120 74 74 74 Average Speed 104 | 97 109 184 188 106 74 79 Slowest Speed 240 | 100 120 190 190 240 74 240 Overloaded Moves . | . . . . . . . Propulsion Burnouts . | . . . . . . . Robots Hopped . | . . . . . . . Cave-ins Triggered . | . . . . . . . Exploration Rate (%) 34 | 5 24 44 33 29 83 23 Regions Visited 6 Branch Regions 4 Pre-discovered Areas 5 | . . 1 . 1 3 . Known Exits Taken 1 | . 1 . . . . . Unknown Exits Taken 5 | 1 . 1 1 1 1 . Scrap Searched 5 | . . 1 . 1 3 . Spaces Dug . | . . . . . . . Terrain Destroyed 22 | . . . . . . 22 Melee . | . . . . . . . Projectile . | . . . . . . . AOE 22 | . . . . . . 22 Terrain Rammed . | . . . . . . . Walls Destroyed . | . . . . . . . Machines Disabled . | . . . . . . . Actions | -11 -10 -10 -9 -9 -7 -7 --------- Run | Yrd Mat Min Mat Min Zio Dee Total 2049 | 59 102 157 302 170 1144 115 Wait 88 | . . . 1 . 87 . Move 1819 | 47 89 149 260 132 1041 101 Hop . | . . . . . . . Pick Up 24 | 6 3 1 4 3 7 . Fast Attach 15 | 6 1 . 3 5 . . Attach 15 | . . . 2 5 1 7 Detach 8 | . . . 1 7 . . Swap 8 | . 2 2 1 . 1 2 Drop 16 | . 2 2 2 3 7 . Fire 45 | . 2 1 26 11 . 5 Melee . | . . . . . . . Ram 2 | . . . . 2 . . Kick 9 | . 3 2 2 2 . . Crush . | . . . . . . . Escape Stasis . | . . . . . . . Rewire . | . . . . . . . Trap . | . . . . . . . Miscellaneous . | . . . . . . . Route ------- -11/Scrapyard -10/Materials (discovered 2 exits: *Min x2) -10/Mines -9/Materials (discovered 2 exits: *Mat / *Min) -9/Mines (discovered 3 exits: *Mat x2 / *Zio) -7/Zion -7/Deep Caves History --------- Turn | Location | Event 17 | -11/Scrapyard | Discovered new exit (range 14) 63 | -11/Scrapyard | Entered Materials 86 | -10/Materials | Identified exit to Mines 179 | -10/Materials | Entered Mines 215 | -10/Mines | Learned location of Zion (-7) 258 | -10/Mines | Assisted by bots powering up and referring to "LRC-V3" 313 | -10/Mines | Build established: Mutant 453 | -10/Mines | Discovered new exit (range 7) 467 | -10/Mines | Entered Materials 467 | -9/Materials | Accompanied by 2 allies 467 | -9/Materials | Evolved 2 slots: Propulsion x1, Utility x1 711 | -9/Materials | Discovered new exit (range 6) 1011 | -9/Materials | Discovered new exit (range 15) 1054 | -9/Materials | Entered Mines 1056 | -9/Mines | Assembled infested the area 1063 | -9/Mines | Discovered new exit (range 10) 1063 | -9/Mines | Identified exit to Materials 1200 | -9/Mines | Learned location of Storage (-9) 1248 | -9/Mines | A Derelict revealed a hidden shortcut to a safe place 1255 | -9/Mines | Entered Zion 1367 | -7/Zion | Build established: Scavenger-Mutant 1370 | -7/Zion | Found CR-A16's Pointy Stick 1422 | -7/Zion | Learned 8 Factory zone layouts 1473 | -7/Zion | Learned location of Armory (-3) 1511 | -7/Zion | Acquired unknown access codes intercepted by a Zionite 1537 | -7/Zion | Found Prototype Device 1602 | -7/Zion | Learned location of Quarantine (-2) 1718 | -7/Zion | Given A8's code to call for help 1893 | -7/Zion | Gained Derelict followers 1961 | -7/Zion | Imprinted 1963 | -7/Zion | Declared Zion's savior 2062 | -7/Zion | Opened final containment barrier to the Deep Caves 2074 | -7/Zion | Discovered new exit (range 3) 2074 | -7/Zion | Saw the warning signs outside the Deep Caves entrance 2126 | -7/Zion | Entered Deep Caves 2126 | -7/Deep Caves | Accompanied by 7 allies 2200 | -7/Deep Caves | Z-Facility disabled 2211 | -7/Deep Caves | Attacked by Z-Imprinter 2222 | -7/Deep Caves | Core integrity fell below 50% 2228 | -7/Deep Caves | Core integrity fell below 20% 2231 | -7/Deep Caves | Destroyed by P8-3E0(z) with Zionite Laser-S Last Messages --------------- 02200_ Z-Facility disabled. 02201_ BC-D6C(z) destroyed. 02204_ BD-V9I(z) destroyed. 02211_ Grenade Launcher destroyed. Z-Imprinter: GET AWAY FROM HERE! I've worked too hard for our future just to have you ruin everything! 02211_ Beam Rifle destroyed. 02213_ Cmb. Airjet destroyed. 02214_ The unstable cave ceiling collapses. 02215_ Lgt. Ion Engine destroyed. 02215_ Grenade Launcher destroyed. 02216_ The unstable cave ceiling collapses. 02221_ EM Pulse Cannon destroyed. 02223_ Lgt. Treads destroyed. 02228_ The unstable cave ceiling collapses. 02229_ Cmb. Airjet destroyed. 02230_ Lgt. Nuclear Core destroyed. 02230_ Med. Laser destroyed. 02231_ Launcher Guidance Computer destroyed. Map ----- +----------------------------------------------------+ | | | | | | | | | | | | | | | | | | | | | | | | | | | | | | | | | | | | | | | | | | | | | ??????????????###??????###???????????????????????? | | ???????????????=[[?????# !##???###############???? | | ???????????????? ##### =;##### ##??? | | ??????????????#### # @### #??? | | ??????????????# # ;;# #### | | ?????????????### ;; z ## | | ???????????? # z % I | | ????????? z% z | | ????????? zz* | | ????????? | | ?????????? | | ?????????? """" """""" | | ??????????? """""""""""""" | | ??????????? """""""""""" | | ??????????? " """""""""""" | | ???????????? """"""""""" | | ???????????? """""??????""" | | ????????????? """"???????""" | | ????????????? ""??????????"" | | ?????????????? "????????????" | | ??????????????? "???????????? | | ????????????????? ???????????? | | ??????????????????? ????????????? | | ?????????????????????? ????????????????????? | | ???????????????????????? ????????????????????? | | ?????????????????????????????????????????????????? | | ?????????????????????????????????????????????????? | | ?????????????????????????????????????????????????? | +----------------------------------------------------+ Best States ------------- Heat Dissipation 28 Energy Generation 14 Energy Capacity 265 Matter Stores 400 Matter Capacity 400 Sight Range 16 Robot Scan Range 14 Terrain Scan Density 10 Armor Coverage 150 Evasion (%) 55 Launcher Accuracy 20 Core Analysis 6 Recoil Reduction 3 Item Schematics ----------------- Sensor Array | -9/Materials | Scanalyzed Grenade Launcher | -9/Materials | Scanalyzed Robot Schematics ------------------ None Fabricated ------------ Nothing Alien Tech Used ----------------- None Achievements -------------- None Challenges ------------ None Game ------ Seed ThrusterServoInjector Manual? 0 Play Time 00:25:19 Cumulative 19.1 hours Start 2024.07.05 @ 21:40:04 End 2024.07.05 @ 22:03:37 Sessions 1 Manual Loads 0 Difficulty Rogue Special Mode None Game No. 45 Rogue 45 Adventurer 0 Explorer 0 Win Type - Total 0 Types 0/0/0/0/0/0/0/0/0 Lore% 19 Gallery% 24 Achievement% 18 Wizard Run 0 Options --------- Layout 1 ASCII 0 Keyboard 1 Movement Arrows Keybinds 0 Fullscreen 1 Font 24/Smallcaps Map View 50x35 Zoom Use 0% Tactical HUD 1 Map Filters NONE Filters NONE Steam 1 RUN: ed8dc3d8-8125-486f-9622-03f24ef623b8